Map: Dash and Terminal LE (Void)

Players

SticklerMac

  • Race: Zerg Zerg
  • League: Silver

KONON - Winner!

  • Race: Zerg Zerg
  • League: Gold

VOD

Have the link to the VOD?

Description

Time

  • Played on: Oct. 1, 2015, 1:16 p.m.
  • Length: 8:30
Show
View Real Time Build Order
Export as new Build Order

SticklerMac Zerg 

Build Orders: Pool First, Zergling Baneling 

Get SALT Encoding   

  12  0:01  Drone  
  13  0:14  Overlord  
  13  0:18  Drone  
  14  0:33  Drone x2  
  16  0:36  Drone  
  17  0:48  Drone  
  18  0:53  Spawning Pool  
  18  0:55  Extractor  
  16  0:58  Drone  
  17  1:09  Drone  
  18  1:19  Drone  
  19  1:33  Hatchery  
  19  1:36  Drone  
  19  1:41  Drone  
  19  1:45  Queen  
  22  1:52  Overlord  
  22  1:59  Metabolic Boost  
  22  2:13  Zergling x4  
  24  2:21  Baneling Nest  
  23  2:27  Drone  
  24  2:34  Drone  
  25  2:46  Drone  
  26  2:55  Queen  
  28  2:58  Drone  
  28  2:59  Drone x5  
  34  3:06  Zergling x2  
  34  3:08  Drone  
  35  3:15  Zergling x2  
  35  3:26  Spine Crawler, Queen  
  36  3:33  Zergling x10  
  31  3:36  Baneling x2  
  29  3:43  Zergling x6  
  29  3:46  Zergling x2  
  32  3:53  Baneling  
  32  3:56  Baneling x2  
  29  4:16  Zergling x4  
  29  4:29  Zergling x4  
  28  4:35  Hatchery  
  28  4:36  Baneling x2  
  28  4:37  Baneling  
  28  4:38  Drone  
  28  4:42  Drone  
  29  4:49  Overlord  
  27  5:02  Zergling x2  
  27  5:03  Zergling x4  
  27  5:05  Zergling x2  
  28  5:15  Zergling x2  
  28  5:16  Zergling x2  
  29  5:28  Zergling x2  
  30  5:38  Zergling x2  
  31  5:45  Zergling x2  
  32  5:50  Queen  
  34  6:01  Zergling x2  
  34  6:02  Zergling x4  
  37  6:08  Roach Warren  
  37  6:09  Zergling x2  
  37  6:14  Zergling x2  
  37  6:15  Zergling x2  
  37  6:16  Zergling x4  
  41  6:22  Baneling  
  41  6:23  Baneling x5  
  41  6:34  Queen  
  26  7:08  Zergling x2  
  26  7:09  Zergling x16  
  26  7:14  Drone x2  
  33  7:23  Zergling x4  
  33  7:25  Zergling x2  
  36  7:32  Zergling x2  
  36  7:34  Zergling x2  
  36  7:36  Zergling x2  
  31  8:01  Zergling x2  
  31  8:02  Zergling x10  
  31  8:03  Zergling x6  
Show
View Real Time Build Order
Export as new Build Order

KONON Zerg - Winner!

Build Orders: Pool First, Zergling Baneling 

Get SALT Encoding   

  12  0:01  Drone  
  13  0:12  Overlord  
  13  0:29  Drone  
  13  0:31  Drone x2  
  16  0:42  Spawning Pool  
  15  0:46  Extractor  
  15  0:48  Drone  
  15  0:55  Drone  
  16  1:12  Drone  
  16  1:13  Drone  
  18  1:28  Drone  
  18  1:31  Hatchery  
  18  1:42  Queen  
  20  1:49  Metabolic Boost  
  20  1:54  Overlord  
  20  2:04  Zergling x4  
  22  2:16  Baneling Nest  
  22  2:17  Zergling x4  
  23  2:30  Zergling x2  
  24  2:39  Zergling x2  
  25  2:44  Drone  
  25  2:50  Zergling x2  
  27  2:51  Zergling x6  
  27  2:52  Zergling x2  
  31  3:03  Zergling x2  
  32  3:10  Zergling x4  
  34  3:17  Zergling x2  
  35  3:30  Zergling x2  
  35  3:31  Baneling  
  35  3:32  Overlord x3, Baneling  
  36  3:35  Baneling x3  
  35  3:46  Overlord x2  
  34  3:54  Zergling x2  
  34  4:05  Baneling  
  34  4:06  Baneling  
  34  4:09  Zergling x4  
  27  4:11  Drone  
  25  4:20  Zergling x2  
  25  4:23  Drone x3  
  29  4:27  Zergling x2  
  29  4:30  Baneling x4  
  29  4:33  Drone  
  30  4:38  Drone  
  31  4:55  Drone  
  31  4:56  Drone  
  31  4:57  Zergling x6  
  31  4:58  Zergling x4  
  37  5:05  Zergling x2  
  34  5:20  Hatchery  
  33  5:23  Lair, Zergling x4  
  33  5:24  Zergling x2  
  33  5:25  Zergling x2  
  37  5:30  Zergling x4  
  37  5:31  Zergling x2  
  37  5:35  Baneling x3  
  40  5:38  Drone  
  41  5:49  Zergling x4  
  44  5:50  Zergling x6  
  44  5:55  Drone x3  
  49  6:01  Zergling x2  
  49  6:04  Queen  
  51  6:15  Zergling x4  
  51  6:16  Zergling x6  
  56  6:24  Baneling  
  56  6:25  Baneling x7  
  56  6:32  Zergling x6  
  59  6:33  Zergling x4  
  59  6:37  Baneling x2  
  61  6:45  Drone x2  
  63  6:51  Queen  
  63  6:52  Overlord x2  
  65  7:07  Zergling x16  
  47  7:16  Zergling x8  
  47  7:17  Zergling x2  
  47  7:22  Zergling x4  
  52  7:33  Extractor  
  52  7:36  Zergling x6  
  54  7:42  Zergling x4  
  48  7:52  Drone  
  49  7:58  Spine Crawler  
  48  8:08  Zergling x4  
  48  8:10  Spine Crawler  
  48  8:11  Spine Crawler  
Tags
 
Add a new tag
Caveats
  • Supply blocks, unpowered buildings, or Contaminate may cause inaccurate times.
  • Supply counts are checked every 10 seconds.